 Dungeon Crawl Stone Soup version 0.31-a0-175-g9f7f995f2b (webtiles) character file.

Game seed: 15052067740902804419

8826 jasper the Geomancer (level 11, -10/56 HPs)
             Began as a Spriggan Earth Elementalist on June 16, 2023.
             Was a Priest of Kikubaaqudgha.
             Mangled by a manticore (21 damage)
             ... on level 11 of the Dungeon.
             The game lasted 00:15:33 (10049 turns).

jasper the Geomancer (Spriggan Earth Elementalist) Turns: 10049, Time: 00:15:34

Health: -10/56     AC:  6    Str:  7    XL:     11   Next: 15%
Magic:  4/16       EV: 21    Int: 22    God:    Kikubaaqudgha [***...]
Gold:   390        SH:  0    Dex: 15    Spells: 2/16 levels left

rFire   . . .        w - +9 rapier of the Big Bang {elec, Str+3}
rCold   . . .        (no shield)
rNeg    . . .        E - +0 troll leather armour
rPois   .            y - +2 hat
rElec   .            (no cloak)
rCorr   .            (gloves unavailable)
SInv    +            (boots unavailable)
Will    +....        (no amulet)
Stlth   ++           q - ring of wizardry
HPRegen 1.09/turn    (no ring)
MPRegen 0.15/turn

%: wizardry (x1)
@: very quick
A: very small, no large weapons, unfitting armour, see invisible, speed 3
a: Renounce Religion, Unearth Wretches


You were on level 11 of the Dungeon.
You worshipped Kikubaaqudgha.
Kikubaaqudgha was most pleased with you.
You visited 2 branches of the dungeon, and saw 12 of its levels.

You collected 496 gold pieces.
You spent 106 gold pieces at shops.

Inventory:

Hand Weapons
 c - a +0 dagger
 f - a +2 dagger of venom
 w - the +9 rapier of the Big Bang (weapon) {elec, Str+3}
   (You found it on level 6 of the Dungeon)

   Str:       It affects your strength (+3).
Armour
 a - a +1 robe
 t - a +2 robe of positive energy
 y - a +2 hat (worn)
 E - a +0 troll leather armour (worn)
Magical Staves
 m - a staff of death
Jewellery
 q - a ring of wizardry (left hand)
 u - a ring of fire
 D - a ring of willpower
Wands
 p - a wand of roots (10)
 v - a wand of flame (9)
 H - a wand of polymorph (4)
 J - a wand of digging (8)
Scrolls
 g - 3 scrolls of fog
 h - 2 scrolls of vulnerability
 k - 2 scrolls of enchant armour
 o - 2 scrolls of teleportation
 s - a scroll of torment
 A - a scroll of amnesia {unknown}
 C - 2 scrolls of identify
 F - a scroll of revelation
 I - a scroll of silence {unknown}
Potions
 b - a potion of magic
 d - 3 potions of cancellation
 e - 2 potions of heal wounds
 i - 6 potions of mutation
 j - 3 potions of enlightenment
 l - 3 potions of brilliance
 n - 4 potions of attraction
 r - a potion of resistance {unknown}
 x - 5 potions of curing {unknown}
 z - 2 potions of haste {unknown}
 B - 2 potions of berserk rage {unknown}
 G - 2 potions of lignification {unknown}


   Skills:
 - Level 5.6 Fighting
 + Level 3.5 Armour
 - Level 9.5 Dodging
 - Level 3.0 Stealth
 - Level 3.0 Spellcasting
 - Level 4.0 Conjurations
 - Level 6.0 Hexes
 - Level 3.8 Necromancy
 - Level 1.3 Transmutations
 - Level 10.0 Earth Magic


You had 2 spell levels left.
You knew the following spells:

 Your Spells              Type           Power      Damage    Failure   Level
a - Sandblast             Erth           94%        2d19      1%          1
b - Passwall              Tmut/Erth      23%        N/A       1%          2
c - Stone Arrow           Conj/Erth      68%        3d11      1%          3
d - Fulminant Prism       Conj/Hex       12%        3d9       9%          4
e - Animate Dead          Necr           20%        N/A       16%         4

Your spell library contained the following spells:

 Spells                   Type           Power      Damage    Failure   Level
 Kiss of Death            Conj/Necr      80%        2d11      1%          1
 Magic Dart               Conj           80%        1d7       1%          1
 Necrotise                Necr           80%        1d8       1%          1
 Searing Ray              Conj           40%        2d5       2%          2
 Dazzling Flash           Conj/Hex       50%        N/A       2%          3
 Vampiric Draining        Necr           20%        2d7       4%          3
 Summon Guardian Golem    Hex/Summ       16%        N/A       6%          3
 Petrify                  Tmut/Erth      28%        N/A       7%          4
 Anguish                  Hex/Necr       12%        N/A       10%         4
 Dispel Undead            Necr           20%        3d11      16%         4
 Gell's Gravitas          Tloc           3%         N/A       21%         3
 Teleport Other           Tloc           3%         N/A       21%         3
 Vhi's Electric Charge    Tloc/Air       6%         N/A       21%         3
 Volatile Blastmotes      Fire/Tloc      6%         2d10      21%         3
 Iskenderun's Mystic Bla  Conj/Tloc      12%        2d5       30%         4
 Agony                    Necr           20%        N/A       38%         5
 Arcjolt                  Conj/Air       6%         1d16      61%         5
 Death Channel            Necr           10%        N/A       89%         6
 Starburst                Conj/Fire      6%         6d4       99%         6
 Dispersal                Tloc           1%         N/A       100%        6
 Orb of Destruction       Conj           10%        9d6       100%        7
 Spellforged Servitor     Conj/Summ      6%         N/A       100%        7
 Maxwell's Capacitive Co  Air            1%         ∞         100%        8


Dungeon Overview and Level Annotations

Branches:
Dungeon (11/15)            Temple (1/1) D:6            Lair (0/5) D:10
    Orc (0/2) D:11

Altars:
Ashenzari
Cheibriados
Dithmenos
Elyvilon
Fedhas
Gozag
Hepliaklqana
Kikubaaqudgha
Makhleb
Nemelex Xobeh
Okawaru
Qazlal
Ru
Sif Muna
Trog
Uskayaw
Vehumet
Wu Jian
Xom
Yredelemnul
Zin
The Shining One

Shops:
D:6 (*(

Annotations:
D:6 2 transporters
D:10 Erolcha, Josephine


Innate Abilities, Weirdness & Mutations

You are very small and have problems with some larger weapons.
You are too small for most types of armour.
You have supernaturally acute eyesight. (SInv)
You cover ground extremely quickly. (Speed+++)


Message History

Confirm with . or Enter, or press ? or * to list all spells.
Aiming: Sandblast (safe; 1% risk of failure)
Press: ? - help, Shift-Dir - straight line, f/p - killer bee
Aim: a killer bee (almost dead, 69% to hit)
The blast of sand hits the killer bee!
You kill the killer bee!
Kikubaaqudgha accepts your kill.
Casting: Sandblast (safe; 1% risk of failure)
Confirm with . or Enter, or press ? or * to list all spells.
Aiming: Sandblast (safe; 1% risk of failure)
Press: ? - help, Shift-Dir - straight line, f - manticore
Aim: a manticore (moderately wounded, 91% to hit)
The blast of sand hits the manticore.
The manticore is moderately wounded.
The manticore barely misses you.
The manticore claws you but does no damage.
The manticore claws you!
You take 11 damage, and have 45/56 hp.
You now have 6/16 mp.
Casting: Sandblast (safe; 1% risk of failure)
Confirm with . or Enter, or press ? or * to list all spells.
Aiming: Sandblast (safe; 1% risk of failure)
Press: ? - help, Shift-Dir - straight line, f/p - manticore
Aim: a manticore (moderately wounded, 91% to hit)
The blast of sand hits the manticore!
The manticore is heavily wounded.
The manticore bites you! The manticore claws you.
The manticore completely misses you.
You take 9 damage, and have 36/56 hp.
You now have 5/16 mp.
Casting: Sandblast (safe; 1% risk of failure)
Confirm with . or Enter, or press ? or * to list all spells.
Aiming: Sandblast (safe; 1% risk of failure)
Press: ? - help, Shift-Dir - straight line, f/p - manticore
Aim: a manticore (heavily wounded, 91% to hit)
The blast of sand hits the manticore but does no damage.
The manticore is heavily wounded.
The manticore bites you! The manticore claws you!
* * * LOW HITPOINT WARNING * * *
The manticore completely misses you. The manticore bites you!!
You die...
Kikubaaqudgha rasps: "You have failed me!
Welcome... death!"

#####...#
#)......#
#.......#
#.......#
#...##### #...#
#.# #...###.#
#H..#...# +## ##
...#####@..##.##
..##.#
...........#..#
##....#
...........'.##
#.....#
...........###
#.....#
############
.....##
##.....####
..........+
###...>###


You could see a manticore.

Vanquished Creatures
  A two-headed ogre (D:11)
  Pikel (D:6)
  An ugly thing (D:11)
  Psyche (D:8)
  2 trolls
  Sigmund (D:4)
  2 wraiths
  A shadow (D:11)
  A spriggan (D:8)
  15 yaks
  Menkaure (D:6)
  2 water moccasins
  2 acid dragons
  An orc warrior (D:10)
  A sky beast (D:8)
  4 ice beasts
  2 black bears
  5 centaurs
  3 lemures (D:6)
  2 kobold brigands
  A phantom (D:4)
  A bullfrog (D:9)
  A gnoll sergeant (D:9)
  3 scorpions
  10 wights
  4 killer bees
  2 howler monkeys (D:11)
  2 jellies
  2 gnoll boudas
  5 orc priests
  2 sleepcaps
  7 orc wizards
  11 gnolls
  9 adders
  2 shadow imps
  2 ufetubi (D:7)
  3 worms
  3 dart slugs
  35 orcs
  12 endoplasms
  5 giant cockroaches
  6 goblins
  5 hobgoblins
  2 quokkas
  7 ball pythons
  2 bats (D:1)
  5 frilled lizards
  12 kobolds
  8 rats
218 creatures vanquished.

Vanquished Creatures (others)
  17 fulminant prisms
17 creatures vanquished.

Grand Total: 235 creatures vanquished

Notes
Turn   | Place    | Note
-------+----------+-------------------------------------------
     0 | D:1      | jasper the Spriggan Earth Elementalist began the quest for
                  | the Orb.
     0 | D:1      | Reached XP level 1. HP: 9/9 MP: 5/5
   157 | D:1      | Reached skill level 3 in Earth Magic
   181 | D:1      | Reached XP level 2. HP: 13/13 MP: 2/7
   184 | D:1      | Learned a level 2 spell: Passwall
   553 | D:1      | Reached XP level 3. HP: 16/16 MP: 1/8
   557 | D:1      | Learned a level 3 spell: Stone Arrow
   842 | D:1      | Found a faded altar of an unknown god.
  1374 | D:2      | Reached skill level 4 in Earth Magic
  2051 | D:3      | Reached XP level 4. HP: 14/21 MP: 5/9
  2197 | D:3      | Reached skill level 5 in Earth Magic
  2319 | D:3      | Reached XP level 5. HP: 24/24 MP: 5/10
  2327 | D:3      | Learned a level 4 spell: Fulminant Prism
  2895 | D:3      | Found a glowing silver altar of Zin.
  3101 | D:4      | Noticed a phantom
  3108 | D:4      | Killed a phantom
  3109 | D:4      | Reached skill level 1 in Conjurations
  3109 | D:4      | Reached skill level 1 in Hexes
  3109 | D:4      | Reached XP level 6. HP: 28/28 MP: 5/11
  3773 | D:4      | Noticed Sigmund
  3776 | D:4      | Killed Sigmund
  3777 | D:4      | Reached XP level 7. HP: 32/32 MP: 8/12
  4516 | D:5      | Entered Level 5 of the Dungeon
  4603 | D:5      | Reached skill level 5 in Hexes
  4713 | D:5      | HP: 1/32 [orc priest/divine providence (11)]
  4802 | D:6      | Found a staircase to the Ecumenical Temple.
  4848 | Temple   | Entered the Ecumenical Temple
  4987 | Temple   | Became a worshipper of Kikubaaqudgha
  5020 | D:6      | Found Geijoabeco's Weapon Boutique.
  5125 | D:6      | Found Fes Peela's Weapon Shop.
  5219 | D:6      | Noticed a yak
  5240 | D:6      | Reached XP level 8. HP: 31/36 MP: 4/13
  5318 | D:6      | Noticed Menkaure
  5323 | D:6      | Killed Menkaure
  5324 | D:6      | Reached skill level 6 in Earth Magic
  5357 | D:6      | Identified the +9 rapier of the Big Bang {elec, Str+3}
  5369 | D:6      | Found a sparkling altar of Nemelex Xobeh.
  5370 | D:6      | Found a transporter.
  5378 | D:6      | Noticed a troll
  5386 | D:6      | Found a transporter.
  5433 | D:6      | Found Jucij's Assorted Antiques.
  5438 | D:6      | Bought a scroll of identify for 56 gold pieces
  5438 | D:6      | Bought a clear potion for 25 gold pieces
  5438 | D:6      | Bought a clear potion for 25 gold pieces
  5443 | D:6      | Found a stormy altar of Qazlal.
  5454 | D:6      | Noticed Pikel
  5461 | D:6      | Killed Pikel
  5462 | D:6      | Reached skill level 1 in Fighting
  5463 | D:6      | Reached skill level 7 in Earth Magic
  5755 | D:7      | Reached skill level 5 in Dodging
  5811 | D:7      | Reached * piety under Kikubaaqudgha
  5811 | D:7      | Received a gift from Kikubaaqudgha
  5812 | D:7      | Reached XP level 9. HP: 27/43 MP: 10/14
  6095 | D:7      | Noticed a troll
  6119 | D:7      | Killed a troll
  6122 | D:7      | Reached skill level 8 in Earth Magic
  6614 | D:8      | Noticed Psyche
  6617 | D:8      | Killed Psyche
  6824 | D:8      | Reached skill level 9 in Earth Magic
  6953 | D:8      | Found a shimmering altar of Xom.
  6964 | D:8      | Reached ** piety under Kikubaaqudgha
  7087 | D:8      | Reached XP level 10. HP: 22/50 MP: 8/15
  7270 | D:8      | Found a shimmering blue altar of Sif Muna.
  7872 | D:9      | Reached skill level 10 in Earth Magic
  7885 | D:9      | Learned a level 4 spell: Animate Dead
  8027 | D:9      | Reached skill level 5 in Fighting
  8203 | D:9      | Reached skill level 1 in Necromancy
  8209 | D:9      | Reached *** piety under Kikubaaqudgha
  8209 | D:9      | Received a gift from Kikubaaqudgha
  8366 | D:9      | Found a snail-covered altar of Cheibriados.
  8636 | D:10     | Entered Level 10 of the Dungeon
  8961 | D:10     | Found a staircase to the Lair.
  9042 | D:10     | Noticed Josephine
  9047 | D:10     | Noticed Erolcha
  9224 | D:10     | Noticed a lindwurm
  9527 | D:11     | Noticed a cyan ugly thing
  9553 | D:11     | Killed a cyan ugly thing
  9554 | D:11     | Reached skill level 1 in Armour
  9677 | D:11     | Found a staircase to the Orcish Mines.
  9836 | D:11     | Noticed a two-headed ogre
  9850 | D:11     | Killed a two-headed ogre
  9851 | D:11     | Reached XP level 11. HP: 15/56 MP: 4/16
 10049 | D:11     | Mangled by a manticore

Illustrated notes

Levels and vault maps discovered:
D:1:      dpeg_arrival_three_same_balls, layout_loops_ring,
          chequers_ecumenical_altar_grove, fountainhead
D:2:      layout_loops_ring, kennysheep_flooded_box, minmay_door_square
D:3:      layout_loops_cross, mainiacjoe_overflow_surrounded_room,
          nrook_mini_backslash, nicolae_grassy_gnolls
D:4:      layout_basic, chequers_serial_rivers_small_b,
          chequers_serial_rivers_large_b, uniq_sigmund
D:5:      layout_gridville
D:6:      layout_rooms, gammafunk_temple_overflow_arena, grunt_qazlal_clouds,
          minmay_temple_entry_mist, serial_shops, shop, shop_statue,
          nicolae_shop_window_shopping, nicolae_shop_statue_plus,
          minmay_misc_feat_cross, uniq_menkaure, uniq_pikel
D:7:      layout_cave_pools
D:8:      layout_rooms, lemuel_doored_altar, nicolae_sif_muna_condensation,
          the_hattery, uniq_psyche
D:9:      layout_irregular_city, chei_slow_surprise
D:10:     layout_basic, lair_entry_dummy, minmay_lindwurm_lava, uniq_josephine,
          uniq_erolcha, uniq_sonja, uniq_lodul
D:11:     kennysheep_blocky_hall, layout_loops_corners, orc_0_dummy
Temple:   regret_index_temple_sphere_string

Skill      XL: |  1  2  3  4  5  6  7  8  9 10 11 |
---------------+----------------------------------+-----
Spellcasting   | 3 |  3.0
Earth Magic    | 3 4 5 7 9 10 | 10.0
Conjurations   | 1 2 3 4 |  4.0
Hexes          | 1 3 6 |  6.0
Fighting       | 2 4 5 |  5.6
Dodging        | 5 7 9 |  9.5
Necromancy     | 3 |  3.8
Armour         | 2 3 |  3.5
Stealth        | |  3.0
Transmutations | |  1.3

Action                     |  1- 3 |  4- 6 |  7- 9 | 10-12 || total
---------------------------+-------+-------+-------+-------++-------
  Melee: Dagger            |       |       |     8 |       ||     8
         Rapier            |       |       |       |     2 ||     2
   Cast: Sandblast         |    57 |    80 |   150 |   129 ||   416
         Fulminant Prism   |       |       |     2 |    15 ||    17
  Evoke: Wand              |       |       |     9 |     5 ||    14
    Use: Scroll            |     3 |     3 |    11 |       ||    17
         Potion            |       |       |     2 |       ||     2
 Armour: Robe              |     1 |       |     4 |     2 ||     7
         Troll leather arm |       |       |       |     3 ||     3
  Dodge: Dodged            |     8 |     6 |    63 |    83 ||   160

Table legend: (Time is in decaauts)
 A = Elapsed time spent in this place.
 B = Non-inter-level travel time spent in this place.
 C = Inter-level travel time spent in this place.
 D = Time resting spent in this place.
 E = Time spent auto-exploring this place.
 F = Levels seen in this place.
 G = Mean time per level.
                   A        B        C        D        E       F      G
               +--------+--------+--------+--------+--------+-----+--------+
         Total |   7979 |   7812 |    167 |    551 |   5846 |  12 |  664.9 |
       Dungeon |   7879 |   7726 |    153 |    551 |   5776 |  11 |  716.3 |
        Temple |    100 |     86 |     14 |      0 |     70 |   1 |  100.0 |
               +--------+--------+--------+--------+--------+-----+--------+

Top non-repeatable levels by time:
     D:4: 1073 daAuts
     D:9: 1058 daAuts
     D:1: 869 daAuts
     D:7: 867 daAuts
     D:8: 830 daAuts
     D:3: 726 daAuts
     D:2: 673 daAuts
    D:11: 664 daAuts
     D:6: 595 daAuts
    D:10: 336 daAuts
     D:5: 184 daAuts
  Temple: 100 daAuts
